[Event "CZE-ch Amateurs 2022"]
[Site "Luhacovice"]
[Date "2022.03.14"]
[Round "3.8"]
[White "Tresnak, Filip"]
[Black "Pilch, Roman"]
[Result "0-1"]
[ECO "A34"]
[WhiteElo "1931"]
[BlackElo "2136"]
[Annotator "ChessBase"]
[PlyCount "161"]
[EventDate "2022.03.12"]
[EventType "swiss"]
[EventCountry "CZE"]
[SourceTitle "playchess.com"]
[Source "ChessBase"]
[SourceQuality "1"]
[TimeControl "5400+30"]

1. c4 Nf6 2. Nc3 c5 3. e4 d6 4. d3 Nc6 5. Nge2 g6 6. h3 Bg7 7. Be3 Bd7 8. Qd2 h6 9. f4 Qa5 10. g3 a6 11. Bg2 Rb8 12. O-O Nh7 13. d4 cxd4 14. Nxd4 Nxd4 15. Bxd4 Bxd4+ 16. Qxd4 Qc5 17. Rad1 Bc6 18. e5 Qxd4+ 19. Rxd4 dxe5 20. fxe5 Ng5 21. Rdf4 Bxg2 22. Kxg2 Rf8 23. Nd5 Ne6 24. R4f2 Rc8 25. b3 Nc7 26. Nf4 Rg8 27. Ne2 Rf8 28. Nd4 Rd8 29. Rf4 e6 30. h4 Ke7 31. Nf3 Ne8 32. Rf2 Ng7 33. g4 Rd7 34. Nd2 h5 35. Ne4 hxg4 36. Nf6 Rd3 37. Rxg4 Rh8 38. Ne4 Nf5 39. Kg1 Rd1+ 40. Kh2 Nxh4 41. Kg3 Nf5+ 42. Kf4 Rd4 43. Rd2 Rxd2 44. Nxd2 Rh2 45. Ne4 Rxa2 46. Rg1 Re2 47. Rd1 Rh2 48. Nf6 Rh4+ 49. Kf3 Rd4 50. Rh1 Rd3+ 51. Kf4 Rd4+ 52. Kf3 Rd8 53. b4 b5 54. cxb5 axb5 55. Ra1 Nd4+ 56. Kf4 Nc6 57. Ra6 Nxb4 58. Ra7+ Kf8 59. Kg5 Kg7 60. Nd7 Nd5 61. Nc5 Re8 62. Rb7 b4 63. Ne4 Re7 64. Rb8 Rc7 65. Nd6 Rc1 66. Ne8+ Kh7 67. Rb7 Rg1+ 68. Kh4 g5+ 69. Kh3 Kg6 70. Nd6 Rf1 71. Rb8 Nf4+ 72. Kg4 Nd3 73. Rg8+ Kh7 74. Rxg5 Rg1+ 75. Kh4 Rxg5 76. Kxg5 b3 77. Ne4 b2 78. Nc3 Kg7 79. Kg4 Nxe5+ 80. Kf4 Nc4 81. Ke4 0-1

[Event "CZE-ch Amateurs 2022"]
[Site "Luhacovice"]
[Date "2022.03.14"]
[Round "3.9"]
[White "Toman, Jan"]
[Black "Zelbova, Lada"]
[Result "1-0"]
[ECO "D26"]
[WhiteElo "2127"]
[BlackElo "1905"]
[Annotator "NA"]
[PlyCount "87"]
[EventDate "2022.03.12"]
[EventType "swiss"]
[EventCountry "CZE"]
[SourceTitle "playchess.com"]
[Source "ChessBase"]
[SourceQuality "1"]
[TimeControl "5400+30"]

1. d4 Nf6 2. c4 e6 3. Nc3 Bb4 4. e3 O-O 5. Bd3 d5 6. Nf3 c5 7. O-O cxd4 8. exd4 dxc4 9. Bxc4 Nbd7 10. Bg5 Be7 11. Qe2 Nd5 12. Bd2 N7f6 13. Ne5 Nb6 14. Bd3 Qxd4 15. Nb5 Qd8 16. Ba5 a6 17. Na3 Bxa3 18. bxa3 Nfd5 19. Nc4 Nf4 20. Qe4 Qxd3 21. Qxd3 Nxd3 22. Nxb6 Rb8 23. Rfd1 Nf4 24. Bb4 Nd5 25. Nxd5 exd5 26. Bxf8 Kxf8 27. Rxd5 Be6 28. Rd6 Rc8 29. f3 Ke7 30. Rb6 Bd5 31. Rd1 Bc6 32. Kf2 f6 33. Ke3 Kf7 34. Rd4 Re8+ $18 35. Kd2 h6 36. a4 Re7 37. h3 Kg6 38. Rbb4 Kf7 39. Rd6 Kg6 40. Kc3 Re3+ 41. Rd3 Re2 42. Rd2 Re3+ 43. Kd4 Re5 44. Rc2 1-0

[Event "CZE-ch Amateurs 2022"]
[Site "Luhacovice"]
[Date "2022.03.14"]
[Round "3.10"]
[White "Cupek, Martin"]
[Black "Malinovsky, Petr"]
[Result "1/2-1/2"]
[ECO "A17"]
[WhiteElo "2108"]
[BlackElo "1965"]
[Annotator "NA"]
[PlyCount "130"]
[EventDate "2022.03.12"]
[EventType "swiss"]
[EventCountry "CZE"]
[SourceTitle "playchess.com"]
[Source "ChessBase"]
[SourceQuality "1"]
[TimeControl "5400+30"]

1. c4 e6 2. g3 d5 3. Bg2 Nf6 4. Nc3 Be7 5. d4 O-O 6. e4 dxe4 7. Be3 Nbd7 8. Nxe4 Nxe4 9. Bxe4 Nf6 10. Bf3 Rb8 11. Qc2 Bb4+ 12. Kf1 Be7 13. Kg2 b6 14. Rd1 Bb7 15. Bxb7 Rxb7 16. f3 Qb8 17. d5 exd5 18. cxd5 Rd8 19. Qb3 Qa8 20. Bg5 Rbb8 21. Bxf6 Bxf6 22. Nh3 Rd6 23. Rd3 Rbd8 24. Rhd1 $1 c6 25. dxc6 Qxc6 26. Nf2 g6 27. Rxd6 Rxd6 28. Rxd6 Qxd6 29. Qd3 Qe5 30. Nd1 Qe1 31. b3 Be7 32. Ne3 $11 Bc5 33. Ng4 Kg7 34. Qe4 Qxe4 35. fxe4 h5 36. Ne5 Kf6 37. Nd3 Bd6 38. h3 Ke6 39. Kf3 f5 40. exf5+ Kxf5 41. g4+ hxg4+ 42. hxg4+ Kf6 43. Ke4 Kg5 44. Kf3 Kf6 45. a4 a5 46. Nf4 Bc5 47. Nd3 Bd6 48. Nb2 Bc5 49. Nc4 Bg1 50. Kf4 Bh2+ 51. Ke4 Bg1 52. Ne5 Bc5 53. Nf3 Ke6 54. Ne5 Kf6 55. Nd7+ Kg5 56. Nxc5 bxc5 57. Kf3 Kf6 58. Ke4 Kg5 59. Kf3 Kf6 60. Kf4 g5+ 61. Kf3 Ke5 62. Ke3 Kd5 63. Kd3 Kd6 64. Kc3 Kd5 65. Kd3 Kd6 1/2-1/2

[Event "CZE-ch Amateurs 2022"]
[Site "Luhacovice"]
[Date "2022.03.14"]
[Round "3.11"]
[White "Plasek, Zdenek"]
[Black "Urban, Zdenek"]
[Result "0-1"]
[ECO "B92"]
[WhiteElo "1914"]
[BlackElo "2093"]
[Annotator "ChessBase"]
[PlyCount "111"]
[EventDate "2022.03.12"]
[EventType "swiss"]
[EventCountry "CZE"]
[SourceTitle "playchess.com"]
[Source "ChessBase"]
[SourceQuality "1"]
[TimeControl "5400+30"]

1. Nf3 c5 2. e4 d6 3. d4 cxd4 4. Nxd4 Nf6 5. Nc3 a6 6. a4 e5 7. Nf3 Be7 8. Be2 O-O 9. O-O b6 10. Re1 Bb7 11. Bc4 Qc7 12. Bd5 Nbd7 13. Bxb7 Qxb7 14. Be3 Rac8 15. Nd2 Rfd8 16. Qe2 d5 17. exd5 Nxd5 18. Nxd5 Qxd5 19. c3 Bc5 20. Nc4 Bxe3 21. Nxe3 Qe6 22. Qxa6 Nc5 23. Qe2 Qb3 24. Qb5 Qxb5 25. axb5 Nd3 26. Reb1 g6 27. c4 f5 28. b3 Nf4 29. g3 Ne2+ 30. Kf1 Nc3 31. Rc1 Ne4 32. Ra3 Rd2 33. Rd1 f4 34. Rxd2 Nxd2+ 35. Ke2 fxe3 36. Kxe3 Nf1+ 37. Ke4 Nxh2 38. Ra6 Ng4 39. Rxb6 Kf7 40. Ra6 Nxf2+ 41. Kxe5 Nd3+ 42. Kd6 h5 43. b6 Nb4 44. Ra7+ Kf6 45. b7 Rc6+ 46. Kd7 Rb6 47. Kc8 Rc6+ 48. Kd8 Rb6 49. c5 Rb5 50. Kd7 g5 51. c6 Nxc6 52. Kxc6 Rxb3 53. Ra5 Rxb7 54. Kxb7 h4 55. gxh4 gxh4 56. Rh5 0-1

[Event "CZE-ch Amateurs 2022"]
[Site "Luhacovice"]
[Date "2022.03.14"]
[Round "3.12"]
[White "Navratilik, Pavel"]
[Black "Novotny, Josef"]
[Result "0-1"]
[ECO "A41"]
[WhiteElo "2082"]
[BlackElo "2033"]
[Annotator "NA"]
[PlyCount "162"]
[EventDate "2022.03.12"]
[EventType "swiss"]
[EventCountry "CZE"]
[SourceTitle "playchess.com"]
[Source "ChessBase"]
[SourceQuality "1"]
[TimeControl "5400+30"]

1. d4 e6 2. c4 d6 3. Nc3 g6 4. Nf3 Bg7 5. e4 Nf6 6. Be3 Ng4 7. Bg5 f6 8. Bd2 Nh6 9. Be2 Nf7 10. Qc2 Nc6 11. Rd1 O-O 12. O-O Bd7 13. d5 exd5 14. Nxd5 Nfe5 15. Bc3 f5 16. Nxe5 dxe5 17. exf5 Bxf5 18. Bd3 Nd4 19. Bxd4 exd4 20. Bxf5 Rxf5 21. Rde1 Rf7 22. Qe4 Qf8 23. Re2 c6 24. Ne7+ Kh8 25. Qh4 {[%emt 0:02:14] [#]} Rf6 $1 26. Qxd4 Re6 27. Qh4 (27. Nxg6+ $142 Rxg6 28. Qe4) 27... g5 28. Qh5 Rxe7 29. Rfe1 Bf6 30. g3 Qf7 31. Qf3 Rae8 32. b3 Rxe2 33. Rxe2 Rxe2 34. Qxe2 Bd4 35. Kg2 Kg7 36. f3 Kf8 37. Qd2 Qg7 38. Qb4+ Qe7 $19 39. Qa5 Bb6 40. Qf5+ Ke8 41. a4 a5 42. Qd3 Qd7 43. Qe4+ Qe7 44. Qd3 Bc7 45. Qf5 Kd8 46. Qd3+ Kc8 47. Qd2 Kb8 48. Qd3 Ka7 49. Qd4+ Bb6 50. Qd3 h5 51. Kh3 Qe6+ 52. Kg2 Qe3 53. Qd1 Qf2+ 54. Kh3 Be3 55. Qh1 Qg1 56. Qxg1 Bxg1 57. f4 gxf4 58. gxf4 Kb6 59. f5 Kc5 60. f6 Kd6 61. Kh4 Bxh2 62. Kxh5 Ke6 63. Kg6 Bd6 64. f7 Bf8 65. Kg5 Kxf7 66. Kf5 Bd6 67. Ke4 Ke6 68. Kd4 b6 69. Ke4 Bb4 70. Kf4 Kf6 71. Ke4 Bd6 72. Kd4 Kf5 73. Kd3 Kf4 74. Kd4 Bc5+ 75. Kd3 Kf3 76. Kd2 Ke4 77. Kc3 Ke3 78. Kc2 Bd4 79. b4 axb4 80. Kb3 c5 81. Kc2 Ke2 0-1

[Event "CZE-ch Amateurs 2022"]
[Site "Luhacovice"]
[Date "2022.03.14"]
[Round "3.13"]
[White "Marak, Jakub"]
[Black "Galicek, Stanislav"]
[Result "1/2-1/2"]
[ECO "B52"]
[WhiteElo "1880"]
[BlackElo "2079"]
[Annotator "ChessBase"]
[PlyCount "67"]
[EventDate "2022.03.12"]
[EventType "swiss"]
[EventCountry "CZE"]
[SourceTitle "playchess.com"]
[Source "ChessBase"]
[SourceQuality "1"]
[TimeControl "5400+30"]

1. e4 c5 2. Nf3 d6 3. Bb5+ Bd7 4. Bxd7+ Qxd7 5. O-O Nc6 6. c3 Nf6 7. Qe2 e6 8. d4 cxd4 9. cxd4 d5 10. e5 Ne4 11. Be3 Be7 12. Ne1 f5 13. f3 Ng5 14. Nd3 Nf7 15. Nd2 O-O 16. Nb3 b6 17. Rac1 Rac8 18. a3 Rc7 19. Rc3 Rfc8 20. Rfc1 Nb8 21. Qd2 Rxc3 22. Rxc3 Rxc3 23. Qxc3 Qc6 24. Qxc6 Nxc6 25. g4 g6 26. Kf2 Nfd8 27. Ke2 Nb7 28. Nf4 Kf7 29. Kd3 Nba5 30. Nxa5 Nxa5 31. Ng2 g5 32. h3 f4 33. Bd2 Nc4 34. Bc1 1/2-1/2

[Event "CZE-ch Amateurs 2022"]
[Site "Luhacovice"]
[Date "2022.03.14"]
[Round "3.14"]
[White "Kapusta, Petr"]
[Black "Novotny, Lubomir"]
[Result "1-0"]
[ECO "B92"]
[WhiteElo "2105"]
[BlackElo "1902"]
[Annotator "ChessBase"]
[PlyCount "53"]
[EventDate "2022.03.12"]
[EventType "swiss"]
[EventCountry "CZE"]
[SourceTitle "playchess.com"]
[Source "ChessBase"]
[SourceQuality "1"]
[TimeControl "5400+30"]

1. e4 c5 2. Nf3 d6 3. d4 cxd4 4. Nxd4 Nf6 5. Nc3 a6 6. Be2 e5 7. Nb3 Be7 8. O-O O-O 9. Kh1 Be6 10. f4 Nc6 11. f5 Bxb3 12. axb3 Nb4 13. Bg5 Rc8 14. Bxf6 Bxf6 15. Bc4 Rc5 16. Nd5 Nxd5 17. Bxd5 Qc7 18. c3 a5 19. Qh5 Rxd5 20. exd5 Qb6 21. Qd1 Re8 22. Ra4 e4 23. b4 e3 24. Qe2 axb4 25. Rxb4 Qc5 26. Rxb7 Qxd5 27. Qxe3 1-0

[Event "CZE-ch Amateurs 2022"]
[Site "Luhacovice"]
[Date "2022.03.14"]
[Round "3.15"]
[White "Kulhanek, Jachym"]
[Black "Slepov, Kyryl"]
[Result "1/2-1/2"]
[ECO "B06"]
[WhiteElo "1951"]
[BlackElo "2064"]
[Annotator "ChessBase"]
[PlyCount "158"]
[EventDate "2022.03.12"]
[EventType "swiss"]
[EventCountry "CZE"]
[SourceTitle "playchess.com"]
[Source "ChessBase"]
[SourceQuality "1"]
[TimeControl "5400+30"]

1. e4 c5 2. c3 d5 3. exd5 Qxd5 4. d4 g6 5. Nf3 Bg7 6. Na3 cxd4 7. cxd4 Nf6 8. Bc4 Qe4+ 9. Be3 O-O 10. O-O Nc6 11. h3 Nd5 12. Re1 Nxe3 13. Rxe3 Qf4 14. d5 Ne5 15. Qe2 Nxf3+ 16. Rxf3 Qh4 17. Re1 Bf6 18. d6 e6 19. g3 Qd4 20. Rd1 Qxb2 21. Qxb2 Bxb2 22. d7 Rd8 23. dxc8=Q Raxc8 24. Rxd8+ Rxd8 25. Nc2 Rd2 26. Ne3 Bd4 27. Ng4 Rc2 28. Bb3 Rc1+ 29. Kg2 Kg7 30. Ne3 a5 31. Rf4 Be5 32. Rc4 Rxc4 33. Nxc4 Bc7 34. Kf3 b5 35. Na3 a4 36. Bc2 b4 37. Nb5 b3 38. axb3 axb3 39. Bxb3 Be5 40. Na7 Bd4 41. Nc6 Bc3 42. Ke3 Kf8 43. f3 Be1 44. g4 Kg7 45. Ke4 Bc3 46. f4 Bb2 47. f5 exf5+ 48. gxf5 Bf6 49. Na7 Bg5 50. Nb5 Be7 51. Nd4 Kf8 52. Nc6 Kg7 53. Na7 Bg5 54. Nb5 Be7 55. Nd4 Kf6 56. Bc2 Bd6 57. Kd5 Bc7 58. Nf3 gxf5 59. Kc6 Be5 60. Kd7 Bc3 61. Ke8 h6 62. Bb3 Kg7 63. Bxf7 f4 64. Ke7 Bf6+ 65. Ke6 Bd8 66. Nd4 Kh8 67. Bh5 Kh7 68. Kf7 Ba5 69. Ne6 f3 70. Bxf3 Bd2 71. Be4+ Kh8 72. Nf8 Bc1 73. Bd5 Bd2 74. Kg6 Bc1 75. Ne6 Bd2 76. Nd8 Bc1 77. Nf7+ Kg8 78. Nxh6+ Kh8 79. h4 Bxh6 1/2-1/2

[Event "CZE-ch Amateurs 2022"]
[Site "Luhacovice"]
[Date "2022.03.14"]
[Round "3.16"]
[White "Svobodova, Michaela"]
[Black "Svacina, Tobias"]
[Result "1/2-1/2"]
[ECO "C47"]
[WhiteElo "2054"]
[BlackElo "1749"]
[Annotator "ChessBase"]
[PlyCount "94"]
[EventDate "2022.03.12"]
[EventType "swiss"]
[EventCountry "CZE"]
[SourceTitle "playchess.com"]
[Source "ChessBase"]
[SourceQuality "1"]
[TimeControl "5400+30"]

1. e4 e5 2. Nf3 Nc6 3. Nc3 Nf6 4. d4 exd4 5. Nxd4 Nxe4 6. Nxe4 Qe7 7. f3 d5 8. Bb5 Bd7 9. Bxc6 bxc6 10. O-O dxe4 11. Re1 O-O-O 12. Rxe4 Qb4 13. Qf1 Bc5 14. c3 Qb5 15. Be3 Qxb2 16. Rb1 Qa3 17. Qc4 Bb6 18. Nxc6 Be6 19. Rxe6 fxe6 20. Qxe6+ Kb7 21. Nxd8+ Rxd8 22. c4 Qd3 23. Qe4+ Qxe4 24. fxe4 Rd3 25. Kf2 Kc6 26. c5 Bxc5 27. Bxc5 Kxc5 28. Rb7 Rd2+ 29. Kf3 Rd3+ 30. Ke2 Ra3 31. Rxc7+ Kd4 32. Rxg7 Kxe4 33. Rxh7 Rxa2+ 34. Kf1 a5 35. h4 Kf5 36. Rg7 a4 37. Ke1 a3 38. Kd1 Ra1+ 39. Kc2 Rh1 40. Kb3 Rxh4 41. Kxa3 Rg4 42. Rf7+ Kg5 43. Rf2 Kh4 44. Kb3 Kg3 45. Rd2 Kh2 46. Kc3 Rxg2 47. Rxg2+ Kxg2 1/2-1/2

[Event "CZE-ch Amateurs 2022"]
[Site "Luhacovice"]
[Date "2022.03.14"]
[Round "3.17"]
[White "Breuer, Jean-Paul"]
[Black "Mach, Petr"]
[Result "1-0"]
[ECO "B01"]
[WhiteElo "1204"]
[BlackElo "2023"]
[Annotator "ChessBase"]
[PlyCount "35"]
[EventDate "2022.03.12"]
[EventType "swiss"]
[EventCountry "CZE"]
[SourceTitle "playchess.com"]
[Source "ChessBase"]
[SourceQuality "1"]
[TimeControl "5400+30"]

1. e4 d5 2. exd5 Nf6 3. Nf3 Nxd5 4. d4 g6 5. c4 Nb6 6. Nc3 Bg7 7. c5 Nd5 8. Bc4 c6 9. O-O O-O 10. Re1 Bg4 11. Bg5 h6 12. Nxd5 hxg5 13. Nxe7+ Kh8 14. Qb3 Bxf3 15. Qxf3 Qxd4 16. Bxf7 Rxf7 17. Qh3+ Qh4 18. Nxg6+ 1-0

[Event "CZE-ch Amateurs 2022"]
[Site "Luhacovice"]
[Date "2022.03.14"]
[Round "3.18"]
[White "Nemec, Pavel"]
[Black "Vylicil, Adam"]
[Result "1-0"]
[ECO "A13"]
[WhiteElo "2223"]
[BlackElo "1860"]
[Annotator "ChessBase"]
[PlyCount "53"]
[EventDate "2022.03.12"]
[EventType "swiss"]
[EventCountry "CZE"]
[SourceTitle "playchess.com"]
[Source "ChessBase"]
[SourceQuality "1"]
[TimeControl "5400+30"]

1. c4 e6 2. g3 d5 3. Bg2 Nf6 4. Nf3 dxc4 5. O-O Nbd7 6. Na3 Nb6 7. Nxc4 Nxc4 8. Qa4+ Bd7 9. Qxc4 Bc6 10. d3 Qd5 11. Qc2 Qc5 12. Qxc5 Bxc5 13. b3 O-O 14. Bb2 Rfd8 15. Rac1 Bb6 16. Rxc6 bxc6 17. Ne5 Nd5 18. Nxc6 Re8 19. Rc1 Rac8 20. Ba3 a5 21. Bxd5 exd5 22. Ne7+ Rxe7 23. Bxe7 Re8 24. Bc5 Bxc5 25. Rxc5 Rxe2 26. Rxd5 Kf8 27. Rxa5 1-0

[Event "CZE-ch Amateurs 2022"]
[Site "Luhacovice"]
[Date "2022.03.14"]
[Round "3.19"]
[White "Bakalar, Jan"]
[Black "Vanek, Ladislav"]
[Result "1-0"]
[ECO "C00"]
[WhiteElo "1820"]
[BlackElo "2221"]
[Annotator "ChessBase"]
[PlyCount "101"]
[EventDate "2022.03.12"]
[EventType "swiss"]
[EventCountry "CZE"]
[SourceTitle "playchess.com"]
[Source "ChessBase"]
[SourceQuality "1"]
[TimeControl "5400+30"]

1. e4 e6 2. Qe2 c5 3. g3 Nc6 4. c3 g6 5. Bg2 Bg7 6. f4 Nge7 7. d3 O-O 8. h4 f5 9. h5 Qe8 10. h6 Bh8 11. e5 d6 12. exd6 Nd5 13. Bxd5 exd5 14. Qxe8 Rxe8+ 15. Kd1 b6 16. Bd2 Ba6 17. Kc2 Rad8 18. Na3 Rxd6 19. Nf3 Rde6 20. Rae1 Bf6 21. Rxe6 Rxe6 22. Re1 Rxe1 23. Bxe1 Nd8 24. b4 cxb4 25. cxb4 Nf7 26. Bc3 Bxc3 27. Kxc3 Nxh6 28. Ne5 Kg7 29. b5 Bb7 30. Kd4 Ng8 31. Nc6 Nf6 32. Ke3 a5 33. Nb1 Kf8 34. Nc3 Ke8 35. Kd4 Kd7 36. Ne5+ Ke6 37. Na4 Nh5 38. Nxb6 Nxg3 39. Na4 Ne2+ 40. Ke3 Nxf4 41. d4 Ng2+ 42. Kf2 f4 43. Kxg2 Kf5 44. Nc5 Bc8 45. Nf7 Kg4 46. Nd6 h5 47. Nxc8 h4 48. Nd3 g5 49. Ne5+ Kh5 50. Ne7 g4 51. Nxd5 1-0

[Event "CZE-ch Amateurs 2022"]
[Site "Luhacovice"]
[Date "2022.03.14"]
[Round "3.20"]
[White "Fishchuk, Vladyslav"]
[Black "Jares, Michal"]
[Result "1-0"]
[ECO "E05"]
[WhiteElo "1657"]
[BlackElo "2160"]
[Annotator "ChessBase"]
[PlyCount "95"]
[EventDate "2022.03.12"]
[EventType "swiss"]
[EventCountry "CZE"]
[SourceTitle "playchess.com"]
[Source "ChessBase"]
[SourceQuality "1"]
[TimeControl "5400+30"]

1. d4 Nf6 2. g3 e6 3. c4 d5 4. Nf3 Be7 5. Bg2 O-O 6. O-O dxc4 7. Qc2 a6 8. a4 Bd7 9. Rd1 Bc6 10. Nc3 Nd5 11. e4 Nb4 12. Qe2 Nd3 13. Be3 b5 14. d5 exd5 15. exd5 Bb7 16. axb5 axb5 17. Rxa8 Bxa8 18. Nxb5 Bxd5 19. b3 Bf6 20. Bd4 Bxf3 21. Bxf3 Bxd4 22. bxc4 Bxf2+ 23. Kg2 Bb6 24. Rxd3 Qg5 25. Rd5 Qc1 26. Rd1 Qg5 27. Rd5 Qc1 28. Rd1 Qh6 29. Nc3 Qe6 30. Qxe6 fxe6 31. Ne4 Nc6 32. c5 Ba5 33. Ng5 Ne5 34. Be4 Nc4 35. Bxh7+ Kh8 36. Rd7 Bd2 37. Nxe6 Ne3+ 38. Kh3 Rf6 39. Bg6 Rxg6 40. Rd8+ Kh7 41. Nf8+ Kh6 42. Nxg6 Bb4 43. Nf4 Kh7 44. Nd3 Ba5 45. Ra8 Bc3 46. Ra7 g5 47. Rxc7+ Kg6 48. g4 1-0

[Event "CZE-ch Amateurs 2022"]
[Site "Luhacovice"]
[Date "2022.03.14"]
[Round "4.1"]
[White "Jedlicka, Ales"]
[Black "Toman, Jan"]
[Result "1/2-1/2"]
[ECO "E11"]
[WhiteElo "2223"]
[BlackElo "2127"]
[Annotator "ChessBase"]
[PlyCount "48"]
[EventDate "2022.03.12"]
[EventType "swiss"]
[EventCountry "CZE"]
[SourceTitle "playchess.com"]
[Source "ChessBase"]
[SourceQuality "1"]
[TimeControl "5400+30"]

1. d4 Nf6 2. c4 e6 3. Nf3 Bb4+ 4. Bd2 a5 5. g3 d6 6. Bg2 Nbd7 7. O-O e5 8. Be3 exd4 9. Bxd4 O-O 10. Nc3 Bc5 11. Qc2 c6 12. Rad1 Qc7 13. Na4 Bxd4 14. Rxd4 Nc5 15. Rfd1 Nxa4 16. Qxa4 d5 17. cxd5 Nxd5 18. Ng5 Nf6 19. Qc2 h6 20. Nh3 Bxh3 21. Bxh3 Rad8 22. Qd2 Rxd4 23. Qxd4 Re8 24. e3 Qe7 1/2-1/2

[Event "CZE-ch Amateurs 2022"]
[Site "Luhacovice"]
[Date "2022.03.14"]
[Round "4.3"]
[White "Pilch, Roman"]
[Black "Mudrak, Josef"]
[Result "1/2-1/2"]
[ECO "A54"]
[WhiteElo "2136"]
[BlackElo "2219"]
[Annotator "ChessBase"]
[PlyCount "60"]
[EventDate "2022.03.12"]
[EventType "swiss"]
[EventCountry "CZE"]
[SourceTitle "playchess.com"]
[Source "ChessBase"]
[SourceQuality "1"]
[TimeControl "5400+30"]

1. Nf3 Nf6 2. c4 d6 3. d4 Nbd7 4. Nc3 e5 5. d5 a5 6. e4 Nc5 7. Nd2 Bg4 8. f3 Bd7 9. b3 g6 10. Be2 Nh5 11. g3 Bh6 12. Nf1 Bg7 13. Be3 O-O 14. Nd2 f5 15. a3 Nf4 16. O-O Nh3+ 17. Kg2 f4 18. Bxc5 dxc5 19. g4 Ng5 20. Rh1 Nf7 21. h4 h5 22. g5 Nxg5 23. hxg5 Qxg5+ 24. Kf1 Qg3 25. Qe1 Bh3+ 26. Rxh3 Qxh3+ 27. Kg1 Ra6 28. Qf2 Qg3+ 29. Qg2 Qh4 30. Qf2 Qg5+ 1/2-1/2

[Event "CZE-ch Amateurs 2022"]
[Site "Luhacovice"]
[Date "2022.03.14"]
[Round "4.4"]
[White "Novotny, Josef"]
[Black "Zvolensky, David"]
[Result "0-1"]
[ECO "A00"]
[WhiteElo "2033"]
[BlackElo "2159"]
[Annotator "ChessBase"]
[PlyCount "98"]
[EventDate "2022.03.12"]
[EventType "swiss"]
[EventCountry "CZE"]
[SourceTitle "playchess.com"]
[Source "ChessBase"]
[SourceQuality "1"]
[TimeControl "5400+30"]

1. e3 e5 2. d3 d5 3. g3 h5 4. h4 Nc6 5. Nc3 Nf6 6. Nf3 Bg4 7. Be2 Qd7 8. a3 O-O-O 9. b4 d4 10. Ne4 Nxe4 11. dxe4 Bxf3 12. Bxf3 d3 13. Qxd3 Qxd3 14. cxd3 Rxd3 15. Be2 Rd8 16. Bb2 f6 17. Bc3 a6 18. Bc4 b5 19. Be6+ Kb7 20. Ke2 Kb6 21. Rhc1 Bd6 22. Rg1 a5 23. bxa5+ Nxa5 24. g4 hxg4 25. Rxg4 Rhe8 26. Bd5 Bf8 27. Rgg1 Nb7 28. Rgb1 c6 29. Bf7 Re7 30. Bg8 Red7 31. a4 Bb4 32. Rxb4 Rxg8 33. axb5 cxb5 34. Rab1 Nd6 35. f3 Rh8 36. Be1 Ra7 37. R4b2 Kc6 38. Rb3 Ra2+ 39. R3b2 Rha8 40. f4 exf4 41. exf4 Nxe4 42. Kf3 Rxb2 43. Rxb2 f5 44. Ke3 Kc5 45. Bb4+ Kc4 46. Be7 Re8 47. Rb4+ Kc3 48. Rxb5 Rxe7 49. Rxf5 Nd6+ 0-1

[Event "CZE-ch Amateurs 2022"]
[Site "Luhacovice"]
[Date "2022.03.14"]
[Round "4.5"]
[White "Lorenc, Tomas"]
[Black "Plasek, Zdenek"]
[Result "1-0"]
[ECO "A14"]
[WhiteElo "2183"]
[BlackElo "1914"]
[Annotator "ChessBase"]
[PlyCount "77"]
[EventDate "2022.03.12"]
[EventType "swiss"]
[EventCountry "CZE"]
[SourceTitle "playchess.com"]
[Source "ChessBase"]
[SourceQuality "1"]
[TimeControl "5400+30"]

1. c4 e6 2. g3 Nf6 3. Bg2 d5 4. Nf3 Be7 5. O-O O-O 6. d3 c6 7. Nbd2 b6 8. Rb1 Qc7 9. b4 Nbd7 10. Bb2 Re8 11. Qc2 a5 12. a3 axb4 13. axb4 Qb8 14. Nd4 Bb7 15. c5 bxc5 16. bxc5 Qc7 17. N2b3 Bf8 18. Rfd1 e5 19. Nf5 Ba6 20. Bc1 Bb5 21. d4 Ba4 22. dxe5 Nxe5 23. Bf4 Nh5 24. Qd2 Bxb3 25. Rxb3 Bxc5 26. Rc1 Qa7 27. Bxe5 Rxe5 28. Qg5 Bxf2+ 29. Kh1 Be3 30. Nh6+ Kf8 31. Qxe5 Bxc1 32. Qd6+ Qe7 33. Qxc6 Rd8 34. Qxc1 gxh6 35. Qxh6+ Ng7 36. Qxh7 Qxe2 37. Qh8+ Ke7 38. Qh4+ Kf8 39. Qxd8+ 1-0

[Event "CZE-ch Amateurs 2022"]
[Site "Luhacovice"]
[Date "2022.03.14"]
[Round "4.6"]
[White "Jun, Rudolf"]
[Black "Breuer, Jean-Paul"]
[Result "1-0"]
[ECO "A31"]
[WhiteElo "2215"]
[BlackElo "1204"]
[Annotator "ChessBase"]
[PlyCount "65"]
[EventDate "2022.03.12"]
[EventType "swiss"]
[EventCountry "CZE"]
[SourceTitle "playchess.com"]
[Source "ChessBase"]
[SourceQuality "1"]
[TimeControl "5400+30"]

1. Nf3 c5 2. c4 Nf6 3. Nc3 e6 4. e4 d6 5. d4 cxd4 6. Nxd4 a6 7. Be2 Be7 8. O-O O-O 9. Be3 b6 10. f3 Bb7 11. Qd2 Nbd7 12. Rfd1 Qc7 13. Rac1 Rac8 14. Kh1 Qb8 15. Bg1 Kh8 16. a4 Rg8 17. b4 g5 18. a5 g4 19. b5 Ne5 20. Rb1 Nxc4 21. Bxc4 Rxc4 22. bxa6 Bxa6 23. Rxb6 Qa8 24. f4 Nd7 25. Rb2 Bf6 26. Ndb5 Bxb5 27. Nxb5 Qb8 28. e5 Bg7 29. Nxd6 Rxf4 30. Qxf4 Bxe5 31. Rxb8 Bxf4 32. Nxf7+ Kg7 33. Rxg8+ 1-0

[Event "CZE-ch Amateurs 2022"]
[Site "Luhacovice"]
[Date "2022.03.14"]
[Round "4.7"]
[White "Svobodova, Michaela"]
[Black "Nemec, Pavel"]
[Result "1/2-1/2"]
[ECO "B53"]
[WhiteElo "2054"]
[BlackElo "2223"]
[Annotator "ChessBase"]
[PlyCount "82"]
[EventDate "2022.03.12"]
[EventType "swiss"]
[EventCountry "CZE"]
[SourceTitle "playchess.com"]
[Source "ChessBase"]
[SourceQuality "1"]
[TimeControl "5400+30"]

1. e4 c5 2. Nf3 d6 3. d4 cxd4 4. Qxd4 Nc6 5. Bb5 Bd7 6. Bxc6 Bxc6 7. Nc3 h6 8. Be3 e5 9. Qd3 Nf6 10. O-O-O Be7 11. Kb1 Qa5 12. Nd2 b5 13. f3 Rb8 14. g4 Qc7 15. h4 b4 16. Nd5 Nxd5 17. exd5 Bb5 18. Qe4 Bd7 19. g5 g6 20. gxh6 Bf5 21. Qc4 Qxc4 22. Nxc4 b3 23. axb3 Rxb3 24. Kc1 Rb5 25. Bg5 f6 26. Bxf6 Rxh6 27. Rhe1 Rc5 28. Bg5 Bxg5+ 29. hxg5 Rh2 30. Nxd6+ Kd7 31. Nxf5 Rcxc2+ 32. Kb1 Rxb2+ 33. Ka1 Ra2+ 34. Kb1 Rhb2+ 35. Kc1 gxf5 36. Rxe5 Rg2 37. Kb1 a5 38. Rxf5 a4 39. Rf7+ Kc8 40. Rh1 Rab2+ 41. Ka1 Ra2+ 1/2-1/2

[Event "CZE-ch Amateurs 2022"]
[Site "Luhacovice"]
[Date "2022.03.14"]
[Round "4.8"]
[White "Bokhnak, Timofey"]
[Black "Cagasik, Tomas"]
[Result "1/2-1/2"]
[ECO "A50"]
[WhiteElo "1978"]
[BlackElo "2177"]
[Annotator "ChessBase"]
[PlyCount "28"]
[EventDate "2022.03.12"]
[EventType "swiss"]
[EventCountry "CZE"]
[SourceTitle "playchess.com"]
[Source "ChessBase"]
[SourceQuality "1"]
[TimeControl "5400+30"]

1. e4 b6 2. d4 Bb7 3. Bd3 Nf6 4. f3 e6 5. Ne2 d6 6. O-O Nbd7 7. Be3 Be7 8. c4 O-O 9. Nbc3 c5 10. d5 Ne5 11. Qd2 exd5 12. exd5 Re8 13. Ng3 Nxd3 14. Qxd3 Bc8 1/2-1/2

[Event "CZE-ch Amateurs 2022"]
[Site "Luhacovice"]
[Date "2022.03.14"]
[Round "4.9"]
[White "Malinovsky, Petr"]
[Black "Sremanak, Slavomir"]
[Result "0-1"]
[ECO "A84"]
[WhiteElo "1965"]
[BlackElo "2187"]
[Annotator "ChessBase"]
[PlyCount "92"]
[EventDate "2022.03.12"]
[EventType "swiss"]
[EventCountry "CZE"]
[SourceTitle "playchess.com"]
[Source "ChessBase"]
[SourceQuality "1"]
[TimeControl "5400+30"]

1. d4 e6 2. c4 f5 3. f4 Nf6 4. Nf3 b6 5. e3 Bb7 6. Be2 Be7 7. b3 O-O 8. O-O a5 9. Ba3 Na6 10. Bxe7 Qxe7 11. Nbd2 Ng4 12. Qb1 Nxe3 13. Re1 Nb4 14. Bd3 Nxd3 15. Qxd3 Ng4 16. h3 Nf6 17. Qxf5 Nd5 18. Qg5 Qxg5 19. fxg5 Nb4 20. Re2 Rf4 21. a3 Nc2 22. Ra2 Nxd4 23. Nxd4 Rxd4 24. Nf3 Bxf3 25. gxf3 Rf8 26. Rad2 Rxd2 27. Rxd2 d6 28. Kf2 Rf4 29. Kg3 e5 30. Rc2 Kf7 31. b4 a4 32. c5 dxc5 33. bxc5 b5 34. Rb2 c6 35. Rd2 Rd4 36. Re2 Ke6 37. h4 Rc4 38. Rd2 Rxc5 39. Rd8 Rc3 40. Re8+ Kf7 41. Rxe5 Rxa3 42. Rc5 Ra1 43. Rxc6 a3 44. Rc7+ Ke6 45. Ra7 a2 46. Kf4 b4 0-1